 Dungeon Crawl Stone Soup version 0.25-a0-697-g890751e (webtiles) character file.

Game seed: 5055042596601220243, levelgen mode: deterministic

730 robertstho the Spear-Bearer (level 7, -4/57 HPs)
             Began as a Merfolk Berserker on Apr 1, 2020.
             Was a Priest of Trog.
             Killed by divine providence
             ... invoked by an orc priest
              (9 damage)
             ... on level 6 of the Dungeon.
             The game lasted 00:10:52 (4287 turns).

robertstho the Spear-Bearer (Merfolk Berserker)     Turns: 4287, Time: 00:10:52

Health: -4/57      AC:  9    Str: 19    XL:     7   Next: 73%
Magic:  7/7        EV:  8    Int:  7    God:    Trog [***...]
Gold:   270        SH:  0    Dex: 13    Spells: 6/6 levels left

rFire    . . .     SeeInvis .   a - +0 spear
rCold    . . .     Gourm    .   (no shield)
rNeg     . . .     Faith    .   g - +0 chain mail
rPois    +         Spirit   .   (no helmet)
rElec    .         Reflect  .   (no cloak)
rCorr    .         Harm     .   p - +0 pair of gloves
MR       .....     Rnd*Tele +   (no boots)
Stlth    ..........             (no amulet)
HPRegen  0.19/turn              j - ring of teleportation (curse)
MPRegen  0.10/turn              x - ring of poison resistance

@: no status effects
A: change form in water, swift swim, stealthy swim
a: Berserk, Trog's Hand, Renounce Religion


You were on level 6 of the Dungeon.
You worshipped Trog.
Trog was most pleased with you.
You were not hungry.

You visited 1 branch of the dungeon, and saw 6 of its levels.

You collected 270 gold pieces.

Inventory:

Hand Weapons
 a - a +0 spear (weapon)
Armour
 g - a +0 chain mail (worn)
 p - a +0 pair of gloves (worn)
Jewellery
 j - a cursed ring of teleportation (left hand)
 t - an uncursed ring of protection from magic
 x - a ring of poison resistance (right hand)
Wands
 w - a wand of paralysis (10)
 z - a wand of flame (11)
Scrolls
 d - a scroll of fog {unknown}
 f - 2 scrolls of blinking {unknown}
 o - 3 scrolls of teleportation {unknown}
 q - 3 scrolls of immolation {unknown}
 r - 3 scrolls of remove curse {unknown}
 s - 2 scrolls of noise {unknown}
 u - a scroll of magic mapping {unknown}
 y - a scroll of enchant armour {unknown}
Potions
 h - a potion of stabbing
 i - 2 potions of curing
 k - a potion of heal wounds
 l - a potion of invisibility
 m - a potion of flight
 n - a potion of resistance
Comestibles
 b - a chunk of flesh
 c - 8 rations


   Skills:
 * Level 5.8 Fighting
 * Level 10.0 Polearms
 + Level 2.2 Armour
 + Level 2.9 Dodging
 + Level 1.1 Stealth


You had 6 spell levels left.
You didn't know any spells.
Your spell library was empty.

Dungeon Overview and Level Annotations

Branches:
Dungeon (6/15)             Temple (0/1) D:5

Altars:
Fedhas
Hepliaklqana
Nemelex Xobeh
Yredelemnul


Message History

You are too injured to fight recklessly!
You are too injured to fight recklessly!
You are too injured to fight recklessly!
You are too injured to fight recklessly!
You are too injured to fight recklessly!
You are too injured to fight recklessly!
You are too injured to fight recklessly!
You are too injured to fight recklessly!
The bullfrog hits you.
* * * LOW HITPOINT WARNING * * *
The bullfrog barely misses you.
The orc priest invokes the aid of Beogh against you.
Pain shoots through your body!
* * * LOW HITPOINT WARNING * * *
The bullfrog hits you.
* * * LOW HITPOINT WARNING * * *
The orc priest begins to cast a cantrip, but forgets the words!
The orc priest calls down the wrath of Beogh upon you.
Beogh smites you!
You die...

########## #........#
#........# #........#
#........# ##### # #..(.....#
#...##### ####).......###
#...#...#
....[.........#####...#...#
#..)[.......#...@Foo......#
#.##...........####oo.....####.
..##........#### #...o.>......
.............. .......#...###..
.......#...##########.#...#
...####..... #........
........##.# ...........
####.....#.. #..........
.##.......#. ...........


You could see a bullfrog, an orc priest and 4 orcs.

Vanquished Creatures
  A phantom (D:5)
  An orc warrior (D:6)
  A scorpion (D:5)
  2 crimson imps (D:5)
  A jelly (D:5)
  3 orc priests
  An orc wizard (D:6)
  2 iguanas
  A worker ant (D:5)
  8 adders
  An adder skeleton (D:5)
  6 worms
  3 dart slugs (D:2)
  2 leopard geckos
  10 orcs
  3 ball pythons
  3 giant cockroaches
  7 goblins
  9 hobgoblins
  13 jackals
  7 kobolds
  6 quokkas
  10 bats
  6 frilled lizards
  A quokka skeleton (D:4)
  2 rats
110 creatures vanquished.

Notes
Turn   | Place    | Note
-------+----------+-------------------------------------------
     0 | D:1      | robertstho the Merfolk Berserker began the quest for the
                  | Orb.
     0 | D:1      | Reached XP level 1. HP: 18/18 MP: 1/1
   131 | D:1      | Reached XP level 2. HP: 7/24 MP: 2/2
   148 | D:1      | HP: 1/24 [bat (1)]
   179 | D:1      | Reached skill level 5 in Polearms
   232 | D:1      | Reached XP level 3. HP: 9/30 MP: 3/3
   357 | D:1      | Reached ** piety under Trog
   975 | D:2      | Found a basalt altar of Yredelemnul,
  1149 | D:2      | Reached XP level 4. HP: 22/37 MP: 4/4
  1193 | D:2      | Reached skill level 6 in Polearms
  1231 | D:2      | Reached skill level 1 in Stealth
  1417 | D:2      | Found a sparkling altar of Nemelex Xobeh,
  1624 | D:3      | Reached XP level 5. HP: 43/43 MP: 5/5
  2129 | D:3      | Reached *** piety under Trog
  2404 | D:4      | Reached skill level 7 in Polearms
  2457 | D:4      | Found a blossoming altar of Fedhas,
  2997 | D:4      | Found a hazy altar of Hepliaklqana,
  3032 | D:5      | Entered Level 5 of the Dungeon
  3068 | D:5      | Reached XP level 6. HP: 33/49 MP: 6/6
  3169 | D:5      | Reached skill level 8 in Polearms
  3357 | D:5      | Noticed a phantom
  3412 | D:5      | Killed a phantom
  3412 | D:5      | Reached skill level 5 in Fighting
  3440 | D:5      | Found a staircase to the Ecumenical Temple,
  3589 | D:5      | Reached skill level 9 in Polearms
  3589 | D:5      | Reached XP level 7. HP: 56/56 MP: 7/7
  3959 | D:6      | Reached skill level 10 in Polearms
  4287 | D:6      | Killed from afar by an orc priest

Levels and vault maps discovered:
D:1:      mrwooster_arrival_statue_3, layout_basic, serial_glass,
          glass_columns_a, glass_columns_b
D:2:      minmay_evil_eye, layout_basic, yredelemnul_altar_generic,
          overflow_temple_1_default, minmay_pentomino_x4
D:3:      layout_basic
D:4:      layout_loops_ring, kennysheep_little_box, first_ration,
          fedhas_ov_isle_minmay
D:5:      layout_rooms, minmay_temple_entry_statues_fountains
D:6:      layout_rooms, lemuel_crystal_altar, basic_altar

Skill      XL: |  1  2  3  4  5  6  7 |
---------------+----------------------+-----
Polearms       | 5 6 7 9 10 | 10.0
Fighting       | 4 5 |  5.8
Stealth        | 1 |  1.1
Armour         | 2 |  2.2
Dodging        | |  2.9

Action                   |  1- 3 |  4- 6 |  7- 9 || total
-------------------------+-------+-------+-------++-------
Melee: Spear             |   137 |   288 |   123 ||   548
Invok: Berserk           |     3 |     4 |     2 ||     9
       Trog's Hand       |       |       |     1 ||     1
  Use: Scroll            |       |     6 |       ||     6
       Potion            |       |     2 |     1 ||     3
 Stab: Distracted        |     1 |       |       ||     1
  Eat: Chunk             |     3 |     8 |     5 ||    16
       Ration            |       |     1 |       ||     1
Armor: Animal skin       |     7 |       |       ||     7
       Chain mail        |    46 |    81 |    39 ||   166
Dodge: Dodged            |    54 |    75 |    30 ||   159

Table legend:
 A = Non-vault XP
 B = Vault XP
 C = Vault XP percentage of total XP
 D = Non-vault monster count
 E = Vault monster count
 F = Vault count percentage of total count
                 A         B        C        D         E       F
            +---------+---------+-------+---------+---------+-------
      Total |    1018 |      25 |   2.4 |     102 |       8 |   7.3
            +---------+---------+-------+---------+---------+-------
        D:1 |      55 |       0 |   0.0 |      30 |       0 |   0.0
        D:2 |      77 |      25 |  24.5 |      22 |       8 |  26.7
        D:3 |      30 |       0 |   0.0 |      10 |       0 |   0.0
        D:4 |      76 |       0 |   0.0 |      11 |       0 |   0.0
        D:5 |     505 |       0 |   0.0 |      17 |       0 |   0.0
        D:6 |     275 |       0 |   0.0 |      12 |       0 |   0.0
            +---------+---------+-------+---------+---------+-------
